 Dungeon Crawl Stone Soup version 0.26-a0-70-g31f1466007 (webtiles) character file.

Game seed: 14191186752476421274

76405 Gargoyl the Cleaver (level 15, -2/126 HPs)
             Began as a Centaur Abyssal Knight on June 12, 2020.
             Was the Champion of Lugonu.
             Shot with an arrow by a deep elf archer (4 damage)
             ... on level 15 of the Dungeon on June 14, 2020.
             The game lasted 00:45:47 (38484 turns).

Gargoyl the Cleaver (Centaur Abyssal Knight)       Turns: 38484, Time: 00:45:47

Health: -2/126     AC: 33    Str: 18    XL:     15   Next: 12%
Magic:  24/24      EV:  9    Int: 11    God:    Lugonu [******]
Gold:   2787       SH:  7    Dex: 24    Spells: 14/14 levels left

rFire    + . .     SeeInvis +   w - +3 broad axe (flame)
rCold    . . .     Gourm    .   P - +2 buckler {AC+3}
rNeg     . . .     Faith    .   u - +2 chain mail {rPois}
rPois    +         Spirit   .   v - +0 helmet of Pagy {Dex+6}
rElec    .         Reflect  .   K - +2 cloak {Stlth+}
rCorr    .         Harm     .   j - +0 pair of gloves
MR       +....                  h - +3 centaur barding
Stlth    ..........             (no amulet)
HPRegen  0.31/turn              F - ring of see invisible
MPRegen  0.19/turn              s - +6 ring of dexterity

@: very quick
A: large, hooves 3, yellow scales 1, deformed body, fire resistance 1, speed 2,
tough skin 3
a: Depart the Abyss, Bend Space, Banish, Corrupt, Enter the Abyss, Brand Weapon
With Distortion, Renounce Religion


You were on level 15 of the Dungeon.
You worshipped Lugonu.
Lugonu was exalted by your worship.
You were not hungry.

You visited 2 branches of the dungeon, and saw 21 of its levels.
You visited the Abyss 1 time.
You also visited: Sewer.

You collected 3086 gold pieces.
You spent 299 gold pieces at shops.

Inventory:

Hand Weapons
 a - a +3 hand axe of freezing
 w - a +3 broad axe of flaming (weapon)
Missiles
 y - 13 boomerangs
 A - 6 javelins (quivered)
Armour
 h - a +3 centaur barding (worn)
 j - a +0 pair of gloves (worn)
 u - a +2 chain mail of poison resistance (worn)
 v - the +0 helmet of Pagy (worn) {Dex+6}
   (You found it on level 7 of the Dungeon)

   It affects your dexterity (+6).
 K - a +2 cloak of stealth (worn)
 P - a +2 buckler of protection (worn)
Jewellery
 s - a +6 ring of dexterity (right hand)
 F - a ring of see invisible (left hand)
 G - a cursed ring of poison resistance
Wands
 d - a wand of iceblast (30)
 f - a wand of flame (23)
 g - a wand of paralysis (5)
 i - a wand of enslavement (8)
 q - a wand of clouds (11)
 t - a wand of disintegration (18)
 B - a wand of random effects (43)
 J - a wand of digging (5)
Scrolls
 l - 10 scrolls of blinking
 n - 11 scrolls of identify
 o - 8 scrolls of teleportation
 r - 3 scrolls of fog
 x - a scroll of fear
 z - 9 scrolls of remove curse
Potions
 b - 2 potions of magic
 e - 2 potions of brilliance
 k - 2 potions of curing
 p - 8 potions of flight
 C - 2 potions of cancellation
 D - 3 potions of resistance
 E - 3 potions of stabbing
 I - 3 potions of heal wounds
 L - a potion of might
 M - a potion of ambrosia
Miscellaneous
 m - a lightning rod (4/4)
Comestibles
 c - 26 rations


   Skills:
 + Level 10.3 Fighting
 + Level 13.0 Axes
 + Level 2.1 Throwing
 * Level 11.3 Armour
 * Level 8.2 Dodging
 + Level 1.2 Shields
 * Level 12.1 Invocations
 + Level 1.1 Evocations


You had 14 spell levels left.
You didn't know any spells.
Your spell library contained the following spells:

 Spells                   Type           Power        Failure   Level  Hunger
 Animate Skeleton         Necr           N/A          98%         1    ##.....
 Apportation              Tloc           #.....       98%         1    ##.....
 Corona                   Hex            #......      98%         1    ##.....
 Freeze                   Ice            #...         98%         1    ##.....
 Shock                    Conj/Air       #...         98%         1    ##.....
 Summon Butterflies       Summ           #.......     98%         1    ##.....
 Summon Small Mammal      Summ           #...         98%         1    ##.....
 Poisonous Vapours        Pois/Air       #.....       99%         2    ###....
 Swiftness                Chrm/Air       #.......     99%         2    ###....
 Call Canine Familiar     Summ           #.......     100%        3    ####...
 Conjure Flame            Conj/Fire      #.......     100%        3    ####...
 Frozen Ramparts          Ice            #.....       100%        3    ####...
 Mephitic Cloud           Conj/Pois/Air  #.......     100%        3    ####...
 Ozocubu's Armour         Chrm/Ice       #.......     100%        3    ####...
 Static Discharge         Conj/Air       #.......     100%        3    ####...
 Airstrike                Air            #.........   100%        4    #####..
 Hailstorm                Conj/Ice       #.......     100%        4    #####..
 Summon Ice Beast         Ice/Summ       #.......     100%        4    #####..
 Irradiate                Conj/Tmut      #.........   100%        5    ######.
 Lightning Bolt           Conj/Air       #.........   100%        5    ######.
 Summon Mana Viper        Hex/Summ       #.......     100%        5    ######.
 Freezing Cloud           Conj/Ice/Air   #.........   100%        6    #######
 Hydra Form               Tmut           #.........   100%        6    #######
 Statue Form              Tmut/Erth      #........    100%        6    #######
 Dragon Form              Tmut           #.........   100%        7    #######
 Ring of Flames           Chrm/Fire      #.........   100%        7    #######
 Summon Hydra             Summ           #.........   100%        7    #######


Dungeon Overview and Level Annotations

Branches:
Dungeon (15/15)            Temple (0/1) D:6            Lair (6/6) D:9
 Shoals (0/4) Lair:4        Snake (0/4) Lair:4        Slime (0/5) Lair:5
    Orc (0/2) D:11         Vaults (0/5) D:14          Sewer (visited)
 Depths: D:15

Altars:
Ashenzari
Elyvilon
Fedhas
Hepliaklqana
Kikubaaqudgha
Makhleb
Okawaru
Qazlal
Sif Muna
Trog
Uskayaw
Yredelemnul

Shops:
D:5 !   D:7 *   D:10 ?

Annotations:
Abyss:1 Agnes


Innate Abilities, Weirdness & Mutations

You have hooves in place of feet.
Armour fits poorly on your strangely shaped body.
You cover ground very quickly.
You have extremely tough skin. (AC +3)
You are partially covered in yellow scales. (AC +2)
Your flesh is heat resistant. (rF+)


Message History

You slash the ogre mage! You burn the ogre mage. You kick the ogre mage.
The ogre mage is severely wounded.
Your chain mail prevents you from hitting the deep troll.
The deep troll bites you!
* * * LOW HITPOINT WARNING * * *
You block the deep troll's attack. The deep troll claws you.
* * * LOW HITPOINT WARNING * * *
The ogre mage gestures at you while chanting.
The bolt of cold misses you.
The deep elf archer blinks!
You slice the ogre mage!! You burn the ogre mage.
You kill the ogre mage!
Lugonu accepts your kill.
You slice the deep troll!! You burn the deep troll.
You kill the deep troll!
Lugonu accepts your kill.
Lugonu will corrupt your weapon with distortion... once.
The deep elf archer unwields a +4 short sword.
The deep elf archer wields a +0 shortbow.
The deep elf archer shoots an arrow.
The arrow hits you.
You die...

..# ####.#......#.#.####.....# #.
..# #<.....................#.###.
..###[##.........##.####.......#.
....#.###........##..........#.#.
....#.# ##.......#######..####.#.
....#.# ###.........!.....# .##
##.##.###...###...#...###.# #.##
#........#.#####.# ... #.##
##.###......#.).@)# .. #.## ...#
#.######..#.#.# .###... .### #.#
#.#.§.#.. ....... .# #.#
#....e#..# #..... .# #.# ..#..⌠#
.# #.#### .# #.# ###.#### .# # ..
#.# .# # # .. # ..


You could see a deep elf archer (repels missiles).

Vanquished Creatures
  Kirke (D:15)
  Nessos (D:14)
  Snorg (Lair:3)
  A dire elephant (Lair:5)
  Harold (D:7)
  A hydra (D:14)
  Erolcha (D:10)
  Fannar (D:10)
  The ghost of Royd Piut the Cleaver, a journeyman DsFi of Yredelemnul (D:11)
  An ogre mage (D:15)
  A centaur warrior (D:8)
  5 two-headed ogres
  A catoblepas (Lair:6)
  A deep troll shaman (Lair:6)
  3 tengu warriors
  10 death yaks
  Urug (D:14)
  Sonja (D:10)
  A fire crab (Lair:6)
  2 unseen horrors
  A deep troll (D:15)
  Pikel (D:7)
  An orc knight (D:14)
  A deep elf mage (D:14)
  A wolf spider zombie (D:15)
  A cyclops (D:13)
  2 ugly things
  3 black mambas
  8 elephants
  Psyche (D:8)
  Joseph (D:8)
  10 spiny frogs
  Maurice (D:10)
  Maggie (D:8)
  A kobold demonologist (D:12)
  3 rime drakes
  A gargoyle (D:11)
  11 komodo dragons
  A yaktaur (D:15)
  2 tengu conjurers
  4 trolls (D:14)
  2 polar bears (Lair:6)
  16 blink frogs
  A slime creature (D:13)
  10 hippogriffs
  A snapping turtle (Lair:4)
  A spriggan (D:7)
  A shadow (D:12)
  A small abomination (Abyss:2)
  A vampire (D:13)
  A hog (D:14)
  A wraith (D:10)
  3 wyverns
  47 yaks
  5 basilisks
  16 humans
  2 vampire mosquitoes (D:12)
  2 hungry ghosts
  A soldier ant (D:14)
  2 nagas (Lair:4)
  The ghost of MarredHen the Sneak, an amateur KoVM of the Shining One (D:4)
  12 porcupines
  An acid dragon (D:14)
  8 water moccasins
  6 orc warriors
  A slave (D:7)
  3 black bears
  8 sky beasts
  9 ice beasts
  4 ogres
  2 phantoms
  4 wolves (Lair:6)
  5 centaurs
  9 crocodiles
  3 big kobolds
  20 bullfrogs
  7 scorpions
  20 killer bees
  5 wights (D:14)
  4 howler monkeys
  8 electric eels
  12 crimson imps
  2 bullfrog zombies
  A quasit (D:9)
  9 hounds
  6 jellies
  4 orc priests
  2 bullfrog skeletons
  Crazy Yiuf (D:2)
  A gnoll shaman (D:6)
  4 centaur skeletons
  7 iguanas
  9 orc wizards
  15 worker ants
  A killer bee zombie (D:8)
  2 bullfrog simulacra (D:11)
  2 centaur simulacra (D:11)
  2 hound zombies (D:8)
  A hound skeleton (D:10)
  10 gnolls
  14 adders
  A howler monkey skeleton (D:2)
  2 shadow imps
  A white imp (D:11)
  An ooze (D:5)
  An adder skeleton (D:5)
  2 adder zombies
  2 worms
  2 dart slugs
  5 leopard geckos
  29 orcs
  8 giant cockroaches
  8 goblins
  6 hobgoblins
  19 jackals
  5 quokkas
  3 ball pythons
  7 bats
  A frilled lizard (D:5)
  27 kobolds
  A quokka zombie (D:9)
  13 rats
  A bush (D:14)
  4 fungi
  A plant (Lair:6)
601 creatures vanquished.

Vanquished Creatures (others)
  8 hydras
  2 oklob plants (Lair:5)
  An ugly thing (D:9)
  2 black mambas (Lair:2)
  A spiny frog (Lair:6)
  2 humans (D:15)
  A phantom (D:7)
  A bullfrog (D:10)
  A killer bee (D:7)
  A bullfrog skeleton (D:7)
  23 bushes (D:14)
  7 fungi
  A plant (Lair:6)
51 creatures vanquished.

Grand Total: 652 creatures vanquished

Notes
Turn   | Place    | Note
-------+----------+-------------------------------------------
     0 | Abyss:1  | Gargoyl the Centaur Abyssal Knight began the quest for the
                  | Orb.
     0 | Abyss:1  | Reached XP level 1. HP: 19/19 MP: 2/2
    49 | Abyss:1  | Found a snail-covered altar of Cheibriados.
    51 | Abyss:1  | Noticed a large abomination
    73 | Abyss:1  | Noticed a jelly
    73 | Abyss:1  | Noticed a large abomination
    81 | Abyss:1  | Noticed an ettin simulacrum
    87 | Abyss:1  | Noticed a shadow
    95 | Abyss:1  | Found a blossoming altar of Fedhas.
    99 | Abyss:1  | Noticed a shadow
   106 | Abyss:1  | Noticed a large abomination
   107 | Abyss:2  | Found a corrupted altar of Lugonu.
   112 | Abyss:2  | Noticed a small abomination
   119 | Abyss:2  | Noticed a worldbinder
   155 | Abyss:2  | Killed a small abomination
   155 | Abyss:2  | Reached skill level 5 in Fighting
   155 | Abyss:2  | Reached skill level 2 in Axes
   155 | Abyss:2  | Reached XP level 2. HP: 29/29 MP: 3/3
   155 | Abyss:2  | Reached XP level 3. HP: 36/36 MP: 4/4
   155 | Abyss:2  | Reached XP level 4. HP: 42/42 MP: 5/5
   155 | Abyss:2  | Reached XP level 5. HP: 48/48 MP: 6/6
   160 | Abyss:2  | Noticed an anaconda simulacrum
   163 | Abyss:2  | Noticed a tentacled starspawn
   168 | D:1      | Escaped the Abyss
   324 | D:1      | You fall into a shaft and drop 1 floor!
   362 | D:2      | Reached * piety under Lugonu
  1015 | D:2      | Found a shattered altar of Ashenzari.
  1289 | D:2      | Reached skill level 1 in Dodging
  1406 | D:2      | Found a white marble altar of Elyvilon.
  1737 | D:2      | Found a runed translucent door.
  1738 | D:2      | Noticed Crazy Yiuf
  1749 | D:2      | Killed Crazy Yiuf
  1881 | D:3      | Reached skill level 3 in Axes
  1881 | D:3      | Reached XP level 6. HP: 55/56 MP: 8/8
  2050 | D:3      | Reached ** piety under Lugonu
  2431 | D:3      | Found a glowing drain.
  2447 | Sewer    | Entered a sewer
  2564 | Sewer    | Found a glowing silver altar of Zin.
  3405 | D:4      | Reached XP level 7. HP: 43/61 MP: 9/9
  3979 | D:4      | Found a runed translucent door.
  4002 | D:4      | Reached *** piety under Lugonu
  4054 | D:4      | Found a bloodstained altar of Trog.
  4307 | D:4      | Noticed MarredHen's ghost (amateur KoVM)
  4326 | D:4      | Killed MarredHen's ghost
  4326 | D:4      | Reached skill level 4 in Axes
  4577 | D:5      | Entered Level 5 of the Dungeon
  4602 | D:5      | Found Medatry's Distillery.
  5132 | D:5      | Reached XP level 8. HP: 32/69 MP: 9/11
  5761 | D:5      | Found an ancient bone altar of Kikubaaqudgha.
  6218 | D:5      | Found a shimmering blue altar of Sif Muna.
  6523 | D:6      | Reached skill level 5 in Axes
  6606 | D:6      | Found a basalt altar of Yredelemnul.
  6646 | D:6      | Found a staircase to the Ecumenical Temple.
  6682 | D:6      | Found a blossoming altar of Fedhas.
  6725 | D:6      | Reached **** piety under Lugonu
  7035 | D:7      | Got a slimy helmet
  7051 | D:6      | Identified the cursed +0 helmet of Pagy {Dex+6} (You found
                  | it on level 7 of the Dungeon)
  7082 | D:6      | Reached skill level 1 in Evocations
  7366 | D:6      | Reached XP level 9. HP: 39/75 MP: 12/12
  7369 | D:6      | Reached skill level 5 in Invocations
  7987 | D:6      | Reached skill level 5 in Armour
  8080 | D:7      | Noticed Harold
  8123 | D:7      | Killed Harold
  8123 | D:7      | Reached skill level 6 in Axes
  8500 | D:7      | Noticed Pikel
  8501 | D:7      | Found an iron altar of Okawaru.
  8541 | D:7      | Killed Pikel
  8951 | D:7      | Reached XP level 10. HP: 83/84 MP: 14/14
  9540 | D:7      | Found Epion's Assorted Antiques.
  9547 | D:7      | Bought a glowing chain mail for 187 gold pieces
  9806 | D:8      | Noticed a +0 dagger
  9806 | D:8      | Noticed a +0 dagger
  9808 | D:8      | Found a hide-covered altar of Uskayaw.
  9997 | D:8      | Reached skill level 7 in Axes
 10311 | D:8      | Noticed a centaur warrior
 11260 | D:8      | Found a stormy altar of Qazlal.
 11333 | D:8      | Killed a centaur warrior
 11581 | D:8      | Noticed Joseph
 11606 | D:8      | Killed Joseph
 11707 | D:8      | Noticed Psyche
 11725 | D:8      | Killed Psyche
 11726 | D:8      | Reached ***** piety under Lugonu
 11903 | D:8      | Noticed Maggie
 11922 | D:8      | Killed Maggie
 12045 | D:8      | Found a hazy altar of Hepliaklqana.
 12146 | D:9      | Found a staircase to the Lair.
 12153 | D:9      | Reached skill level 8 in Axes
 12159 | D:9      | Reached XP level 11. HP: 62/92 MP: 16/16
 12181 | D:9      | Reached skill level 5 in Dodging
 12388 | D:9      | Noticed a two-headed ogre
 12410 | D:9      | Killed a two-headed ogre
 12725 | D:9      | Noticed a red ugly thing
 12757 | D:9      | Banished a red ugly thing
 13731 | Lair:1   | Entered Level 1 of the Lair of Beasts
 14615 | Lair:1   | Reached skill level 9 in Axes
 15436 | Lair:1   | Noticed an eight-headed hydra
 15445 | Lair:1   | Banished an eight-headed hydra
 15449 | Lair:1   | Reached skill level 1 in Throwing
 16474 | Lair:2   | Reached XP level 12. HP: 71/101 MP: 18/18
 17442 | Lair:2   | Noticed a six-headed hydra
 17448 | Lair:2   | Banished a five-headed hydra
 17529 | Lair:2   | HP: 5/102 [poisoned by a black mamba]
 17535 | Lair:2   | HP: 3/102 [poisoned by a black mamba]
 17540 | Lair:2   | HP: 2/102 [poisoned by a black mamba]
 17547 | Lair:2   | HP: 2/102 [poisoned by a black mamba]
 17555 | Lair:2   | HP: 2/102 [poisoned by a black mamba]
 17873 | Lair:2   | Noticed a seven-headed hydra
 17876 | Lair:2   | Banished a seven-headed hydra
 18690 | Lair:2   | Noticed a four-headed hydra
 18692 | Lair:2   | Banished a four-headed hydra
 19323 | Lair:3   | Noticed Snorg
 19387 | Lair:3   | Killed Snorg
 19387 | Lair:3   | Reached skill level 10 in Axes
 22447 | Lair:4   | Found a staircase to the Snake Pit.
 22723 | Lair:4   | Reached XP level 13. HP: 48/108 MP: 20/20
 23245 | Lair:4   | Found a staircase to the Shoals.
 23866 | Lair:5   | Reached skill level 10 in Armour
 24289 | Lair:5   | Found a staircase to the Slime Pits.
 25126 | Lair:6   | Entered Level 6 of the Lair of Beasts
 25128 | Lair:6   | Gained mutation: You are partially covered in yellow
                  | scales. (AC +2) [potion of mutation]
 25128 | Lair:6   | Gained mutation: Your flesh is heat resistant. (rF+)
                  | [potion of mutation]
 25136 | Lair:6   | Found a burning altar of Makhleb.
 25456 | Lair:6   | Reached skill level 10 in Invocations
 25580 | Lair:6   | HP: 3/110 [fire crab (7)]
 25580 | Lair:6   | HP: 1/110 [spiny frog (2)]
 26751 | Lair:6   | Reached skill level 11 in Axes
 29735 | Lair:6   | Noticed a dire elephant
 30019 | Lair:5   | Killed a dire elephant
 30019 | Lair:5   | Reached XP level 14. HP: 91/118 MP: 22/22
 30687 | D:10     | Entered Level 10 of the Dungeon
 30802 | D:10     | Found Vinext's Magic Scroll Shop.
 30810 | D:10     | Bought a scroll of enchant armour for 112 gold pieces
 30965 | D:10     | Noticed Fannar
 30982 | D:10     | Killed Fannar
 31155 | D:10     | Noticed Maurice
 31163 | D:10     | Killed Maurice
 31420 | D:10     | Noticed Erolcha
 31430 | D:10     | Killed Erolcha
 31598 | D:10     | Noticed Sonja
 32256 | D:10     | Paralysed by Sonja for 2 turns
 32278 | D:10     | Paralysed by Sonja for 5 turns
 32796 | D:10     | Paralysed by Sonja for 6 turns
 32808 | D:10     | Killed Sonja
 32885 | D:11     | Noticed Royd Piut's ghost (journeyman DsFi)
 32977 | D:11     | Found a runed translucent gate.
 32977 | D:11     | Found a runed translucent gate.
 32977 | D:11     | Found a runed translucent gate.
 33001 | D:11     | Found a staircase to the Orcish Mines.
 33114 | D:11     | Reached skill level 12 in Axes
 34595 | D:11     | Killed Royd Piut's ghost
 34846 | D:11     | Got the ring of the Greedy {Fire}
 34851 | D:11     | Identified a scroll of acquirement
 36057 | D:13     | You fall into a shaft and drop 2 floors!
 36057 | D:15     | Entered Level 15 of the Dungeon
 36160 | D:15     | Noticed Agnes
 36172 | D:15     | Banished Agnes
 36438 | D:14     | Noticed Nessos
 36444 | D:14     | Noticed Urug
 36632 | D:14     | Killed Nessos
 36632 | D:14     | Reached skill level 10 in Fighting
 37145 | D:15     | Noticed Kirke
 37152 | D:15     | Killed Kirke
 37428 | D:14     | Killed Urug
 37525 | D:14     | Found a gate to the Vaults.
 37568 | D:14     | Reached XP level 15. HP: 82/126 MP: 24/24
 37596 | D:14     | Reached skill level 1 in Shields
 37599 | D:14     | Identified the ring of the Greedy {Fire rPois Str+3} (You
                  | found it on level 11 of the Dungeon)
 37773 | D:14     | Upgraded the game from 0.26-a0-67-g850bfe61e3 to
                  | 0.26-a0-70-g31f1466007
 37813 | D:14     | Reached skill level 13 in Axes
 38483 | D:15     | HP: 4/126 [deep troll (15)]
 38484 | D:15     | Reached ****** piety under Lugonu
 38484 | D:15     | Shot with an arrow by a deep elf archer

Illustrated notes

Levels and vault maps discovered:
D:1:      nicolae_arrival_washed_ashore, layout_loops_cross
D:2:      layout_loops_cross, marbit_many_paths, ashenzari_conservatory_becter,
          uniq_crazy_yiuf_cottage
D:3:      layout_loops_ring, serial_glass, glass_columns_a, glass_columns_b,
          cheibrodos_sewer_entry_drain, first_ration, minmay_misc_feat_plants,
          nicolae_underground_beach
D:4:      layout_basic, bloody_trog, ebering_ghost_reflecting_pool
D:5:      layout_rooms, minitemple, serial_shops, nicolae_shop_waterfront
D:6:      layout_basic, kennysheep_mini, lemuel_temple_firewalk_b,
          serial_corexii_hall, chequers_hall_statues_corner_a,
          corexii_hall_statues_t, fedhas_altar_fruit_tree
D:7:      layout_loops_cross, okawaru_trees_2, serial_shops, shop, the_bakery,
          uniq_pikel, uniq_harold
D:8:      layout_basic, dancing_weapons_uskayaw, kennysheep_mini_moat,
          kennysheep_little_box, kb_rosetta, uniq_joseph, uniq_maggie,
          uniq_psyche
D:9:      layout_loops_ring, due_lair_maze_entry_diamond, serial_bayou_pond_d,
          kennysheep_dice
D:10:     minmay_bubble_buster, layout_stronghold, serial_shops,
          nicolae_shop_waterfront, lemuel_flame_loot_1, uniq_sonja, uniq_fannar,
          uniq_erolcha, uniq_maurice
D:11:     layout_basic, orc_0_dummy, gammafunk_ghost_icy
D:12:     layout_loops_cross
D:13:     layout_rooms, gauntlet_entry_generic, serial_bayou_lagoon_a
D:14:     layout_loops_cross, david_vaults_3, serial_park_paths
          [serial_park_minivault_5x5_3], nrook_loot_triangle, uniq_nessos
D:15:     hangedman_depths_entry_civil_slaughter, layout_loops_ring,
          chequers_hall_statues_corner_a, uniq_kirke, uniq_agnes
Lair:1:   layout_cave_pods
Lair:2:   layout_cave_pods, infiniplex_staircase_pool, grunt_megastairs_1
Lair:3:   beast_lair_carwin_large_2, layout_gridlike, grunt_megastairs_2,
          uniq_snorg
Lair:4:   layout_hall_layers, minmay_shoals_entry_hut,
          guppyfry_snake_entry_island
Lair:5:   layout_cave_pods, minmay_slime_entry_oklob_enclosed,
          serial_bayou_lake_a, grunt_megastairs_3, serial_bayou_shore_b,
          serial_bayou_shore_b
Lair:6:   grunt_lair_end_beastmaster, layout_cellular_growth, basic_altar

Skill      XL: |  1  2  3  4  5  6  7  8  9 10 11 12 13 14 15 |
---------------+----------------------------------------------+-----
Fighting       | 5 6 7 8 9 10 | 10.3
Axes           | 2 3 4 5 6 8 9 10 11 12 13 | 13.0
Armour         | 2 3 4 6 7 8 9 10 11 | 11.3
Dodging        | 1 2 3 4 5 6 7 8 |  8.2
Invocations    | 3 4 6 7 8 9 11 12 | 12.1
Evocations     | 1 |  1.1
Throwing       | 1 2 |  2.1
Shields        | 1 |  1.2

Action                   |  1- 3 |  4- 6 |  7- 9 | 10-12 | 13-15 || total
-------------------------+-------+-------+-------+-------+-------++-------
Melee: Hand axe          |       |   239 |   431 |   297 |       ||   967
       Kick              |       |    53 |   119 |   300 |   403 ||   875
       Broad axe         |       |       |       |   551 |   961 ||  1512
Throw: Boomerang         |       |       |       |    24 |       ||    24
       Javelin           |       |       |       |       |     3 ||     3
Invok: Depart the Abyss  |       |     1 |       |       |       ||     1
       Banish            |       |       |       |    11 |    15 ||    26
       Bend Space        |       |       |       |     1 |     1 ||     2
Evoke: Wand              |     3 |     2 |     6 |       |       ||    11
  Use: Potion            |     1 |       |     8 |     8 |     5 ||    22
       Scroll            |       |     8 |     6 |     7 |    17 ||    38
 Stab: Invisible         |       |       |     1 |       |       ||     1
       Petrified         |       |       |       |       |    13 ||    13
       Petrifying        |       |       |       |       |     2 ||     2
  Eat: Chunk             |       |     6 |     8 |    34 |    36 ||    84
       Ration            |       |       |     3 |     3 |     5 ||    11
Armor: Leather armour    |       |   160 |     2 |       |       ||   162
       Scale mail        |       |       |   169 |       |       ||   169
       Plate armour      |       |       |   214 |    32 |       ||   246
       Skin              |       |       |    19 |       |       ||    19
       Chain mail        |       |       |       |   661 |   945 ||  1606
Dodge: Dodged            |       |   117 |    79 |   273 |   388 ||   857
Block: Buckler           |       |       |       |       |    95 ||    95

Table legend:
 A = Non-vault XP
 B = Vault XP
 C = Vault XP percentage of total XP
 D = Non-vault monster count
 E = Vault monster count
 F = Vault count percentage of total count
                 A         B        C        D         E       F
            +---------+---------+-------+---------+---------+-------
      Total |   68923 |   40228 |  36.9 |     487 |     125 |  20.4
            +---------+---------+-------+---------+---------+-------
        D:1 |      37 |       0 |   0.0 |      20 |       0 |   0.0
        D:2 |      60 |      54 |  47.4 |      20 |       2 |   9.1
        D:3 |     124 |       3 |   2.4 |      29 |       2 |   6.5
        D:4 |     402 |     154 |  27.7 |      16 |       1 |   5.9
        D:5 |     748 |       0 |   0.0 |      24 |       0 |   0.0
        D:6 |    1524 |       0 |   0.0 |      29 |       0 |   0.0
        D:7 |    1178 |    2147 |  64.6 |      21 |       5 |  19.2
        D:8 |    1578 |    2159 |  57.8 |      38 |       5 |  11.6
        D:9 |    1640 |    2590 |  61.2 |      20 |      13 |  39.4
       D:10 |    1834 |    3567 |  66.0 |      16 |      10 |  38.5
       D:11 |    5333 |    1959 |  26.9 |      41 |      11 |  21.2
       D:12 |    5279 |       0 |   0.0 |      39 |       0 |   0.0
       D:13 |    3469 |       0 |   0.0 |      10 |       0 |   0.0
       D:14 |    6944 |    7714 |  52.6 |      32 |      23 |  41.8
       D:15 |    1116 |    5691 |  83.6 |       3 |       7 |  70.0
     Lair:1 |    6554 |       0 |   0.0 |      27 |       0 |   0.0
     Lair:2 |    7501 |     105 |   1.4 |      28 |       1 |   3.4
     Lair:3 |    3756 |    2457 |  39.5 |      16 |       9 |  36.0
     Lair:4 |    3562 |     576 |  13.9 |      16 |       3 |  15.8
     Lair:5 |    4565 |    2732 |  37.4 |      14 |       6 |  30.0
     Lair:6 |   11501 |    8204 |  41.6 |      27 |      16 |  37.2
    Abyss:2 |     218 |       0 |   0.0 |       1 |       0 |   0.0
      Sewer |       0 |     116 | 100.0 |       0 |      11 | 100.0
            +---------+---------+-------+---------+---------+-------
